 Dungeon Crawl Stone Soup version 0.31-a0-845-g9abc20d (webtiles) character file.

Game seed: 15255251876006784053

10141 MinotaursOnly the Spear-Bearer (level 11, -1/91 HPs)
             Began as a Grey Draconian Shapeshifter on Oct 2, 2023.
             Was a Believer of Trog.
             Slain by an elephant (2 damage)
             ... while petrified by a basilisk
             ... on level 1 of the Lair of Beasts.
             The game lasted 00:11:20 (9539 turns).

MinotaursOnly the Spear-Bearer (DrSh)               Turns: 9539, Time: 00:11:21

Health: -1/91      AC: 12    Str: 20    XL:     11   Next: 32%
Magic:  9/9        EV:  2    Int: 11    God:    Trog [**....]
Gold:   672        SH:  0    Dex: 19    Spells: 10/10 levels left

rFire   . . .        q - +1 trident
rCold   . . .        v - orb {light}
rNeg    + + +        (body armour unavailable)
rPois   ∞            (helmet currently unavailable)
rElec   .            (cloak currently unavailable)
rCorr   .            (gloves currently unavailable)
SInv    .            (boots currently unavailable)
Will    .....        C - amulet of reflection
Stlth   ++           H - +6 ring of dexterity
HPRegen 0.35/turn    (no ring)
MPRegen 0.11/turn

%: reflection
@: beast-form, petrified, on berserk cooldown, flying, slowed, glowing
A: beast (slay +4), flying, AC +12, amphibious, unfitting armour, cold-blooded,
big wings, thin skeletal structure 1, low MP 1, poison resistance
a: Begin Untransformation, Renounce Religion, Berserk, Trog's Hand


You were on level 1 of the Lair of Beasts.
You worshipped Trog.
Trog was pleased with you.
You were a hulking beast.
You visited 2 branches of the dungeon, and saw 11 of its levels.
You also visited: Sewer and Ossuary.

You collected 762 gold pieces.
You spent 90 gold pieces at shops.

Inventory:

Hand Weapons
 h - a +0 spear
 q - a +1 trident (weapon)
Armour
 d - a +1 pair of gloves
 j - a +1 cloak
 k - a +0 pair of boots
 v - an orb of light (worn)
Jewellery
 p - an amulet of regeneration
 C - an amulet of reflection (around neck)
 D - an amulet of guardian spirit
 H - a +6 ring of dexterity (left hand)
Talismans
 b - a beast talisman (active)
 c - a flux talisman
 E - a blade talisman
 K - a serpent talisman
Wands
 i - a wand of polymorph (15)
 l - a wand of light (1)
 n - a wand of mindburst (6)
 B - a wand of flame (15)
Scrolls
 f - 18 scrolls of identify
 m - 4 scrolls of teleportation
 r - 2 scrolls of fog
 s - 2 scrolls of revelation
 u - a scroll of enchant weapon
 w - a scroll of torment
 x - a scroll of vulnerability
 y - a scroll of poison
 G - a scroll of summoning
 J - 2 scrolls of enchant armour
Potions
 a - a potion of lignification
 e - 7 potions of resistance
 g - 3 potions of cancellation
 o - 4 potions of might
 t - 2 potions of mutation
 z - 2 potions of magic
 A - 3 potions of curing
 F - a potion of haste
 I - a potion of attraction


   Skills:
 + Level 6.8 Fighting
 + Level 10.9 Polearms
 + Level 6.2 Dodging
 + Level 4.0 Stealth
 + Level 1.7 Shields
 + Level 3.7 Unarmed Combat
 * Level 6.4 Evocations
 + Level 7.2 Shapeshifting


You had 10 spell levels left.
You didn't know any spells.
Your spell library was empty.

Dungeon Overview and Level Annotations

Branches:
Dungeon (10/15)            Temple (0/1) D:7            Lair (1/5) D:9
  Sewer (visited)         Ossuary (visited)
    Orc: D:9-12

Altars:
Ashenzari
Dithmenos
Hepliaklqana
Qazlal
Trog
Uskayaw
Xom
Zin

Shops:
D:4 =   D:10 [


Innate Abilities, Weirdness & Mutations

You are a hulking beast.
Your limbs bulge with bestial killing power. (Slay +4)
You are flying.
Your dull iron-grey scales are very hard. (AC +12)
You are amphibious.
You cannot fit into any form of body armour.
You are cold-blooded and may be slowed by cold attacks.
Your large and strong wings let you fly.
You have a somewhat thin skeletal structure. (Dex +2, Stealth+)
Your magical capacity is low. (-10% MP)
Your system is resistant to poisons. (rPois)


Message History

The elephant tramples you!
You are shoved backwards!
You have turned to stone.
The elephant tramples you!
You are shoved backwards!
The elephant tramples you!
You hold your ground!
The elephant trunk-slaps you but does no damage.
The elephant tramples you.
You hold your ground!
The elephant trunk-slaps you but does no damage.
The elephant tramples you but does no damage.
The elephant trunk-slaps you but does no damage.
The basilisk bites you! The elephant tramples you.
You hold your ground!
The elephant trunk-slaps you. The basilisk bites you!
The elephant tramples you.
You hold your ground!
The elephant trunk-slaps you but does no damage.
The elephant tramples you!
You hold your ground!
The elephant trunk-slaps you but does no damage.
The basilisk bites you. The elephant tramples you!
* * * LOW HITPOINT WARNING * * *
You hold your ground!
The elephant trunk-slaps you but does no damage.
The elephant tramples you but does no damage.
The elephant trunk-slaps you but does no damage.
The elephant tramples you!
* * * LOW HITPOINT WARNING * * *
You hold your ground!
The elephant trunk-slaps you but does no damage.
The basilisk bites you!
* * * LOW HITPOINT WARNING * * *
The elephant tramples you but does no damage.
The elephant trunk-slaps you.
* * * LOW HITPOINT WARNING * * *
The elephant tramples you but does no damage.
The elephant trunk-slaps you but does no damage.
The elephant tramples you but does no damage.
The elephant trunk-slaps you but does no damage.
The basilisk gazes at you. You resist with some effort.
The elephant tramples you!
* * * LOW HITPOINT WARNING * * *
You hold your ground!
The elephant trunk-slaps you but does no damage.
The elephant tramples you.
You die...

....... ..... ....... .#..
....... ..## .##
.......###..#. ..##
.....#.⌠.##.###.#.##
...........#.........
......⌠.>..+...⌠....
.....#..YYl........#
.#..###.Yh##...###.# # ..#..
#######.....# # #
#..####...#.....# #
##........#..^...## .#
#.........#........# #
#..........÷#.....##
#.............⌠.#..# ##
.#.................#
#####.####........#)#.....##


You could see 3 elephants and a basilisk.

Vanquished Creatures
  2 two-headed ogres
  Nergalle (Lair:1)
  An elephant (Lair:1)
  3 cane toads (Lair:1)
  A rime drake (Lair:1)
  A troll (D:9)
  2 hornets
  A shadow (D:9)
  12 yaks
  2 wraiths
  A vampire (D:10)
  A wyvern (Lair:1)
  3 steam dragons
  An acid dragon (D:10)
  2 water moccasins
  Duvessa (D:7)
  2 orc warriors (D:8)
  2 black bears
  An ogre (D:6)
  2 phantoms
  6 kobold brigands
  2 bullfrogs
  4 scorpions
  10 wights
  Dowan (D:7)
  3 killer bees (D:9)
  5 howler monkeys
  4 hounds
  5 orc priests
  Jessica (D:2)
  A sleepcap (D:5)
  2 iguanas
  5 orc wizards
  2 mummies
  Robin (D:4)
  8 gnolls
  10 adders
  2 shadow imps (D:6)
  A white imp (D:8)
  A worm (D:5)
  A dart slug (D:3)
  18 orcs
  7 bats
  7 endoplasms
  7 giant cockroaches
  10 goblins
  5 hobgoblins
  3 quokkas
  13 ball pythons
  2 frilled lizards
  8 gnoll skeletons (Ossuary)
  A goblin zombie (D:7)
  25 kobolds
  5 kobold skeletons (Ossuary)
  12 orc skeletons (Ossuary)
  An orc zombie (D:7)
  5 rats
246 creatures vanquished.

Vanquished Creatures (collateral kills)
  2 iguanas (D:4)
2 creatures vanquished.

Grand Total: 248 creatures vanquished

Notes
Turn   | Place    | Note
-------+----------+-------------------------------------------
     0 | D:1      | MinotaursOnly the Draconian Shapeshifter began the quest
                  | for the Orb.
     0 | D:1      | Reached XP level 1. HP: 16/16 MP: 1/1
   193 | D:1      | Reached XP level 2. HP: 23/23 MP: 2/2
   793 | D:2      | Reached XP level 3. HP: 28/28 MP: 3/3
  1043 | D:2      | Noticed Jessica
  1049 | D:2      | Killed Jessica
  1122 | D:2      | Reached skill level 1 in Polearms
  1352 | D:3      | Found a broken altar of Ashenzari.
  1372 | D:3      | Reached XP level 4. HP: 10/35 MP: 4/4
  1645 | D:3      | Found a stormy altar of Qazlal.
  1777 | D:3      | Found a hide-covered altar of Uskayaw.
  2170 | D:4      | Found Kigoz's Jewellery Emporium.
  2223 | D:4      | Reached XP level 5. HP: 17/40 MP: 5/5
  2351 | D:4      | Reached skill level 2 in Polearms
  2547 | D:4      | Noticed Robin
  2579 | D:4      | Killed Robin
  2597 | D:4      | Reached XP level 6. HP: 35/48 MP: 6/6
  2782 | D:4      | Reached skill level 1 in Stealth
  3004 | D:5      | Entered Level 5 of the Dungeon
  3028 | D:5      | Reached skill level 3 in Polearms
  3386 | D:5      | Noticed a water moccasin
  3388 | D:5      | Killed a water moccasin
  3389 | D:5      | Reached skill level 4 in Polearms
  3389 | D:5      | Your scales start taking on a dull iron-grey colour.
  3389 | D:5      | Reached XP level 7. HP: 56/56 MP: 7/7
  3467 | D:5      | Gained mutation: Your magical capacity is low. (-10% MP)
                  | [potion of mutation]
  3467 | D:5      | Gained mutation: You have a somewhat thin skeletal
                  | structure. (Dex +2, Stealth+) [potion of mutation]
  3467 | D:5      | Gained mutation: Your system is resistant to poisons.
                  | (rPois) [potion of mutation]
  3467 | D:5      | Gained mutation: Your large and strong wings let you fly.
                  | [potion of mutation]
  3686 | D:5      | Found a glowing drain.
  3705 | Sewer    | Entered a sewer
  3803 | Sewer    | Reached skill level 5 in Shapeshifting
  4093 | Sewer    | Reached skill level 5 in Polearms
  4438 | D:6      | Reached XP level 8. HP: 63/63 MP: 7/7
  4451 | D:6      | Found a bloodstained altar of Trog.
  4531 | D:6      | Became a worshipper of Trog the Wrathful
  4704 | D:6      | Reached skill level 1 in Evocations
  5112 | D:7      | Reached skill level 6 in Polearms
  5278 | D:7      | Reached XP level 9. HP: 71/71 MP: 8/8
  5305 | D:7      | Found a shadowy altar of Dithmenos.
  5368 | D:7      | Found a sand-covered staircase.
  5375 | Ossuary  | Entered an ossuary
  5402 | Ossuary  | Reached * piety under Trog
  5669 | D:7      | Noticed Duvessa
  5669 | D:7      | Noticed Dowan
  5670 | D:7      | Killed Dowan
  5684 | D:7      | Killed Duvessa
  5733 | D:7      | Found a staircase to the Ecumenical Temple.
  6216 | D:8      | Reached skill level 7 in Polearms
  6369 | D:8      | Noticed a two-headed ogre
  6383 | D:8      | Killed a two-headed ogre
  6394 | D:7      | HP: 2/72 [wight/+1 war axe of freezing (5)]
  6583 | D:8      | Reached skill level 8 in Polearms
  6594 | D:8      | Reached skill level 5 in Fighting
  7410 | D:9      | Noticed a troll
  7423 | D:8      | Reached XP level 10. HP: 60/81 MP: 9/9
  7528 | D:9      | Reached skill level 5 in Dodging
  7546 | D:9      | Reached ** piety under Trog
  7651 | D:9      | Reached skill level 9 in Polearms
  7934 | D:9      | Found a staircase to the Lair.
  8144 | D:10     | Entered Level 10 of the Dungeon
  8161 | D:10     | Found Zin's Purification Station.
  8166 | D:10     | Found a glowing silver altar of Zin.
  8171 | D:10     | Reached skill level 5 in Evocations
  8173 | D:10     | Bought a potion of curing for 90 gold pieces
  8182 | D:10     | Found a hazy altar of Hepliaklqana.
  8373 | D:10     | Found a shimmering altar of Xom.
  8507 | D:10     | Noticed a two-headed ogre
  8514 | D:10     | Killed a two-headed ogre
  8515 | D:10     | Reached skill level 10 in Polearms
  8515 | D:10     | Reached skill level 1 in Shields
  8825 | D:10     | Found Awir Atoutt's Armour Shoppe.
  8953 | Lair:1   | Entered Level 1 of the Lair of Beasts
  8953 | Lair:1   | Noticed Nergalle
  8965 | Lair:1   | Killed Nergalle
  9009 | Lair:1   | Reached XP level 11. HP: 85/90 MP: 9/9
  9539 | Lair:1   | HP: 1/91 [elephant (7)]
  9539 | Lair:1   | Slain by an elephant

Illustrated notes

Levels and vault maps discovered:
D:1:      co_arrival_two_rings, layout_basic, chequers_mini_garden
D:2:      layout_basic, kennysheep_jessica_study
D:3:      layout_rooms, mainiacjoe_overflow_concentric_impassable,
          grunt_temple_overflow_open
D:4:      layout_loops_cross, serial_shops, kennysheep_mini_moat, uniq_robin
D:5:      layout_basic, portal_sewer_entry_b, kennysheep_generic_room_5
D:6:      layout_basic, lemuel_tele_altar
D:7:      layout_basic, mainiacjoe_overflow_six_doors_small, temple_hall,
          nicolae_ossuary_entry_giza, chequers_serial_rivers_large_a,
          uniq_duvessa
D:8:      layout_loops_ring
D:9:      layout_rooms, lair_entry_dummy
D:10:     layout_basic, mainiacjoe_overflow_catwalk, zin_purify,
          mainiacjoe_overflow_chevrons, serial_shops, shop
Lair:1:   layout_cave_pods, chequers_serial_rivers_small_3, lemuel_fruit_fields,
          grunt_megastairs_1, lemuel_fruit_tree, uniq_maggie, uniq_nergalle

Skill      XL: |  1  2  3  4  5  6  7  8  9 10 11 |
---------------+----------------------------------+-----
Dodging        | 2 3 4 6 |  6.2
Polearms       | 1 2 4 5 6 8 10 | 10.9
Shapeshifting  | 4 5 6 7 |  7.2
Fighting       | 2 3 4 5 6 |  6.8
Stealth        | 1 3 4 |  4.0
Evocations     | 2 4 5 6 |  6.4
Shields        | 1 |  1.7
Unarmed Combat | |  3.7

Action                     |  1- 3 |  4- 6 |  7- 9 | 10-12 || total
---------------------------+-------+-------+-------+-------++-------
  Melee: Unarmed           |    19 |       |       |       ||    19
         Tailslap          |     4 |    21 |    56 |    41 ||   122
         Spear             |    71 |   177 |   123 |       ||   371
         Punch             |     1 |     5 |     3 |       ||     9
         Trident           |       |       |   263 |   221 ||   484
 Invoke: Berserk           |       |       |     5 |     7 ||    12
  Evoke: Wand              |       |     2 |     4 |       ||     6
    Use: Potion            |     6 |     2 |     6 |     2 ||    16
         Scroll            |     5 |     5 |     2 |     2 ||    14
   Stab: Sleeping          |       |     3 |     8 |       ||    11
         Distracted        |       |     1 |       |       ||     1
 Armour: Skin              |    46 |    77 |   215 |   140 ||   478
  Dodge: Dodged            |    40 |    83 |   231 |   135 ||   489
  Block: Orb               |       |       |     9 |    37 ||    46
         Reflection        |       |       |       |     1 ||     1
   Form: Blade             |       |       |       |     1 ||     1
         Anaconda          |       |       |       |     1 ||     1
         Beast             |       |       |       |     1 ||     1
         Flux              |       |       |       |     1 ||     1

Table legend: (Time is in decaauts)
 A = Elapsed time spent in this place.
 B = Non-inter-level travel time spent in this place.
 C = Inter-level travel time spent in this place.
 D = Time resting spent in this place.
 E = Time spent auto-exploring this place.
 F = Levels seen in this place.
 G = Mean time per level.
                   A        B        C        D        E       F      G
               +--------+--------+--------+--------+--------+-----+--------+
         Total |   9593 |   9291 |    302 |    488 |   7127 |  13 |  737.9 |
       Dungeon |   8318 |   8017 |    301 |    375 |   6315 |  10 |  831.8 |
          Lair |    565 |    564 |      1 |     31 |    416 |   1 |  565.0 |
         Sewer |    401 |    401 |      0 |      0 |    293 |   1 |  401.0 |
       Ossuary |    308 |    308 |      0 |     81 |    103 |   1 |  308.0 |
               +--------+--------+--------+--------+--------+-----+--------+

Top non-repeatable levels by time:
     D:8: 1239 daAuts
     D:4: 1203 daAuts
     D:7: 967 daAuts
     D:5: 815 daAuts
    D:10: 788 daAuts
     D:6: 727 daAuts
     D:1: 700 daAuts
     D:9: 682 daAuts
     D:2: 642 daAuts
  Lair:1: 565 daAuts
     D:3: 551 daAuts
   Sewer: 401 daAuts
 Ossuary: 308 daAuts
